 Dungeon Crawl Stone Soup version 0.28.0-45-g0d030f2227 (webtiles) character file.

Game seed: 2982866848476527568

66 MalarOregon the Grasshopper (level 3, -9/29 HPs)
             Began as a Palentonga Warper on Apr 18, 2022.
             Killed by divine providence
             ... invoked by an orc priest
              (16 damage)
             ... on level 3 of the Dungeon.
             The game lasted 00:05:13 (2044 turns).

MalarOregon the Grasshopper (Palentonga Warper)     Turns: 2044, Time: 00:05:14

Health: -9/29      AC:  4    Str: 16    XL:     3   Next: 96%
Magic:  6/6        EV:  6    Int: 13    God:
Gold:   68         SH:  9    Dex:  9    Spells: 6/6 levels left

rFire   . . .      SeeInvis +   a - +0 mace
rCold   . . .      Faith    .   f - +0 tower shield
rNeg    . . .      Spirit   .   b - +0 leather armour
rPois   .          Reflect  .   (no helmet)
rElec   .          Harm     .   (no cloak)
rCorr   .          Rampage  .   (no gloves)
Will    .....                   (no barding)
Stlth   +.........              (no amulet)
HPRegen 0.09/turn               k - ring of wizardry
MPRegen 0.10/turn               (no ring)

@: no status effects
A: large, rugged brown scales 3, see invisible, deformed body, roll 1, armoured
tail
a: Rolling Charge


You were on level 3 of the Dungeon.
You visited 1 branch of the dungeon, and saw 3 of its levels.

You collected 68 gold pieces.


Innate Abilities, Weirdness & Mutations

You are completely covered in rugged brown scales. (AC +3, +7% HP)
You have supernaturally acute eyesight. (SInv)
Armour fits poorly on your strangely shaped body.
You can roll at nearby foes to attack.
You have a long armoured tail.


   Skills:
 + Level 2.3 Fighting
 * Level 2.6 Maces & Flails
 + Level 1.0 Throwing
 + Level 1.2 Armour
 + Level 1.9 Dodging
 + Level 0.4 Shields
 + Level 2.2 Spellcasting
 + Level 3.2 Translocations


You had 6 spell levels left.
You didn't know any spells.
Your spell library contained the following spells:

 Spells                   Type           Power      Damage    Failure   Level
 Blink                    Tloc           18%        N/A       38%         2
 Gell's Gravitas          Tloc           9%         N/A       61%         3
 Lesser Beckoning         Tloc           9%         N/A       61%         3
 Teleport Other           Tloc           9%         N/A       61%         3
 Pain                     Necr           4%         1d4       69%         1
 Manifold Assault         Tloc           9%         N/A       99%         5
 Agony                    Necr           1%         N/A       100%        5
 Excruciating Wounds      Necr           0%         N/A       100%        5

Inventory:

Hand Weapons
 a - a +0 mace (weapon)
Missiles
 d - a boomerang of dispersal (quivered) {!f}
 e - 48 stones
Armour
 b - a +0 leather armour (worn)
 f - a +0 tower shield (worn)
   (You found it on level 1 of the Dungeon)
Magical Staves
 j - a staff of poison
   (You found it on level 1 of the Dungeon)
Jewellery
 k - a ring of wizardry (left hand)
   (You found it on level 1 of the Dungeon)
Scrolls
 c - 2 scrolls of blinking
 g - a scroll of teleportation {unknown}
 h - a scroll of silence {unknown}
 i - a scroll of magic mapping {unknown}
 m - 3 scrolls of holy word {unknown}
 n - a scroll of identify {unknown}
Potions
 l - a potion of lignification {unknown}

Dungeon Overview and Level Annotations

Branches:
Dungeon (3/15)

Altars:

Annotations:
D:2 !black bear
D:3 3 runed translucent doors

.# .. #. ####. #
##.... . #.....
.# #
#.....#####.#..
#....†.@......#
......##.#...###
####. #...###..
# #..##....
#..#....#
#..#...##
#o.+...#
#..+...#
#..+...##


You could see an orc priest.


Message History

You climb upwards.
There is a stone staircase leading down here.
Annotate which branch? (. - D:2, ? - help, ! - show branch list) New annotation for D:2 (include '!' for warning): !black bear You climb downwards.
Level annotation: 2 runed translucent doors
There is a stone staircase leading up here.
Warning, next level annotated: !black bear Enter next level anyway?
Okay, then.
Unknown command.
Found a scroll labelled QIJEH EJIECOE.
You now have 68 gold pieces (gained 14).
A hobgoblin comes into view.
A hobgoblin is nearby!
A hobgoblin comes into view.
The hobgoblin shouts!
The hobgoblin moves out of view.
An endoplasm comes into view.
Found 17 bolts.
The hobgoblin hits you.
You see here a scroll labelled QIJEH EJIECOE.
You barely miss the hobgoblin.
The endoplasm quivers.
You tail-slap the hobgoblin.
You kill the hobgoblin!
You hit the endoplasm.
The endoplasm jiggles.
The endoplasm barely misses you.
The hobgoblin hits you but does no damage.
You block the endoplasm's attack. The hobgoblin closely misses you.
You hit the endoplasm but do no damage. You block the endoplasm's attack.
The hobgoblin closely misses you. The endoplasm freezes you.
You are frozen.
The hobgoblin hits you but does no damage.
You hit the endoplasm. You tail-slap the endoplasm.
You kill the endoplasm!
You block the hobgoblin's attack.
You closely miss the hobgoblin. You block the hobgoblin's attack.
The hobgoblin barely misses you.
You barely miss the hobgoblin.
Your tail-slap misses the hobgoblin.
The hobgoblin hits you.
You barely miss the hobgoblin. The hobgoblin hits you.
You block the hobgoblin's attack.
You barely miss the hobgoblin. You block the hobgoblin's attack.
The hobgoblin hits you.
You are too injured to fight recklessly!
You are too injured to fight recklessly!
You are too injured to fight recklessly!
You are too injured to fight recklessly!
You are too injured to fight recklessly!
You are too injured to fight recklessly!
You barely miss the hobgoblin.
The hobgoblin hits you but does no damage.
The hobgoblin hits you.
* * * LOW HITPOINT WARNING * * *
You hit the hobgoblin. You block the hobgoblin's attack.
You closely miss the hobgoblin. You tail-slap the hobgoblin.
The hobgoblin hits you.
* * * LOW HITPOINT WARNING * * *
The hobgoblin barely misses you.
You closely miss the hobgoblin.
The hobgoblin hits you but does no damage.
You closely miss the hobgoblin.
The hobgoblin hits you but does no damage. x2
You thump the hobgoblin!
You kill the hobgoblin!
You start resting.
An orc comes into view. It is wielding a +0 club.
Unknown command.
You start resting.
An orc is nearby!
You hit the orc. The orc hits you with a +0 club.
* * * LOW HITPOINT WARNING * * *
You block the orc's attack.
You hit the orc.
You kill the orc!
An orc priest comes into view. It is wielding a +0 club.
The orc priest moves out of view.
You start resting.
An orc comes into view. It is wielding a +0 club.
You start resting.
An orc priest is nearby!
The orc priest shouts!
You hear a shout! x2
The orc priest miscasts a cantrip.
The orc priest calls down the wrath of Beogh upon you.
You barely resist.
The orc priest mumbles some strange prayers to Beogh against you.
Beogh smites you!
* * * LOW HITPOINT WARNING * * *
There is a stone staircase leading up here.
Warning, next level annotated: !black bear Enter next level anyway?
Okay, then.
Warning, next level annotated: !black bear Enter next level anyway?
The orc priest invokes the aid of Beogh against you.
Beogh smites you!
Ouch! That really hurt!
You die...

Skill      XL: |  1  2  3 |
---------------+----------+-----
Armour         | 1 |  1.2
Throwing       | 1 |  1.0
Fighting       | |  2.3
Maces & Flails | |  2.6
Dodging        | |  1.9
Shields        | |  0.4
Spellcasting   | |  2.2
Translocations | |  3.2

Action                   || total
-------------------------++-------
Melee: Mace              ||   102
       Tailslap          ||    11
Throw: Boomerang         ||     4
Armor: Leather armour    ||    51
Dodge: Dodged            ||    31
Block: Tower shield      ||    67

Levels and vault maps discovered:
D:1:      dpeg_arrival_water_temple_mockup, layout_rooms, kennysheep_boxes
D:2:      layout_rooms, dreamdust_ecumenical_altar_hidden_monk_grotto
D:3:      layout_loops_ring, gammafunk_ghost_icy, kennysheep_nub, uniq_grinder,
          uniq_jessica

Notes
Turn   | Place    | Note
-------+----------+-------------------------------------------
     0 | D:1      | MalarOregon the Palentonga Warper began the quest for the
                  | Orb.
     0 | D:1      | Reached XP level 1. HP: 17/17 MP: 3/3
   114 | D:1      | HP: 4/17 [kobold/+0 short sword (4)]
   115 | D:1      | HP: 1/17 [kobold/+0 short sword (3)]
   612 | D:1      | You pick up a book of Pain and begin reading...
   612 | D:1      | You add the spells Pain, Agony and Excruciating Wounds to
                  | your library.
   646 | D:1      | Reached XP level 2. HP: 23/23 MP: 5/5
   944 | D:1      | Reached skill level 1 in Armour
  1228 | D:2      | Reached XP level 3. HP: 27/28 MP: 6/6
  1300 | D:2      | Reached skill level 1 in Throwing
  1671 | D:2      | Noticed a black bear
  1819 | D:2      | Found a faded altar of an unknown god.
  1843 | D:3      | Found a runed translucent gate.
  1843 | D:3      | Found a runed translucent gate.
  1927 | D:3      | Found a runed translucent gate.
  2043 | D:3      | HP: 6/29 [orc priest/divine providence (11)]
  2044 | D:3      | Killed from afar by an orc priest

Vanquished Creatures
  A hound skeleton (D:2)
  2 adders (D:2)
  An orc (D:3)
  3 ball pythons (D:1)
  3 endoplasms
  2 giant cockroaches
  5 goblins (D:1)
  4 hobgoblins
  2 kobolds (D:1)
  5 bats
  2 frilled lizards
  5 rats
35 creatures vanquished.

Table legend:
 A = Non-vault XP
 B = Vault XP
 C = Vault XP percentage of total XP
 D = Non-vault monster count
 E = Vault monster count
 F = Vault count percentage of total count
                 A         B        C        D         E       F
            +---------+---------+-------+---------+---------+-------
      Total |      95 |       0 |   0.0 |      35 |       0 |   0.0
            +---------+---------+-------+---------+---------+-------
        D:1 |      35 |       0 |   0.0 |      22 |       0 |   0.0
        D:2 |      50 |       0 |   0.0 |       8 |       0 |   0.0
        D:3 |      10 |       0 |   0.0 |       5 |       0 |   0.0
            +---------+---------+-------+---------+---------+-------

Illustrated notes

Table legend:
 A = Kills in this place as a percentage of kills in entire the game.
 B = Kills by you in this place as a percentage of kills by you in the entire game.
 C = Kills by friends in this place as a percentage of kills by friends in the entire game.
 D = Other kills in this place as a percentage of other kills in the entire game.
 E = Experience gained in this place as a percentage of experience gained in the entire game.
 F = Experience gained in this place divided by the number of levels of this place that you have seen.
                   A       B       C       D       E      F
               +-------+-------+-------+-------+-------+----------------------
         Total | 100.0 | 100.0 |   N/A |   N/A | 100.0 |  31.7
       Dungeon | 100.0 | 100.0 |   N/A |   N/A | 100.0 |  31.7
               +-------+-------+-------+-------+-------+----------------------

Table legend: (Time is in decaauts)
 A = Elapsed time spent in this place.
 B = Non-inter-level travel time spent in this place.
 C = Inter-level travel time spent in this place.
 D = Time resting spent in this place.
 E = Time spent auto-exploring this place.
 F = Levels seen in this place.
 G = Mean time per level.
                   A        B        C        D        E       F      G
               +--------+--------+--------+--------+--------+-----+--------+
         Total |   2111 |   2016 |     95 |    510 |   1108 |   3 |  703.7 |
       Dungeon |   2111 |   2016 |     95 |    510 |   1108 |   3 |  703.7 |
               +--------+--------+--------+--------+--------+-----+--------+

Top non-repeatable levels by time:
     D:1: 1280 daAuts
     D:2: 616 daAuts
     D:3: 215 daAuts
